 Dungeon Crawl Stone Soup version 0.18-a0-1774-gce1f7b6 (webtiles) character file.

4237 Ijustatesigmund the Grappler (level 10, -4/106 HPs)
             Began as a Troll Hunter on Apr 15, 2016.
             Was an Elder of Okawaru.
             Slain by an orc warrior
             ... wielding a +0 hand axe
              (10 damage)
             ... in a bailey.
             The game lasted 00:15:14 (5640 turns).

Ijustatesigmund the Grappler (Troll Hunter)         Turns: 5640, Time: 00:15:15

Health: -4/106     AC:  7    Str: 22    XL:     10   Next: 9%
Magic:  8/9        EV: 10    Int:  7    God:    Okawaru [****..]
Gold:   321        SH:  0    Dex: 13    Spells: 0 memorised, 9 levels left

rFire  . . .     SeeInvis .       - Unarmed
rCold  . . .     Gourm    +     b - +1 robe
rNeg   . . .     Faith    .     (no shield)
rPois  +         Spirit   .     w - +0 hat
rElec  .         Dismiss  .     v - +0 cloak
rCorr  .         Reflect  .     (gloves unavailable)
SustAt .         Harm     .     (boots unavailable)
MR     .....                    (no amulet)
Stlth  +.........               (no ring)
                                i - ring of poison resistance

@: not resistant to hostile enchantments, very unstealthy
A: unfitting armour, claws 3, fast metabolism 3, gourmand, regeneration 2,
shaggy fur 1, tough skin 2
a: Heroism, Renounce Religion


You were in a bailey.
You worshipped Okawaru.
Okawaru was greatly pleased with you.
You were completely stuffed.

You visited 1 branch of the dungeon, and saw 7 of its levels.
You also visited: Bailey.

You collected 321 gold pieces.

Inventory:

Hand Weapons
 o - a +0 giant spiked club
Missiles
 c - 5 large rocks
 d - a throwing net (quivered)
 p - 4 silver tomahawks
Armour
 b - a +1 robe (worn)
 v - a +0 cloak (worn)
 w - a +0 hat (worn)
Jewellery
 i - a ring of poison resistance (left claw)
Wands
 e - a wand of flame (36/48)
 s - a wand of confusion (12/48)
Scrolls
 a - a scroll of amnesia
 q - a scroll of magic mapping
 t - a scroll of remove curse
Potions
 g - a potion of magic
 j - a potion of lignification
 k - 3 potions of flight
 l - a potion of cure mutation {unknown}
 m - 5 potions of curing
 n - a potion of mutation
Comestibles
 f - 7 bread rations
 h - 4 meat rations
 r - 2 beef jerkies
 x - 8 chunks of flesh
 z - a slice of pizza


   Skills:
 + Level 8.9 Fighting
 - Level 3.6 Throwing
 - Level 1.5 Dodging
 - Level 0.4 Stealth
 + Level 10.3 Unarmed Combat


You had 9 spell levels left.
You didn't know any spells.

Dungeon Overview and Level Annotations

Branches:
Dungeon (7/15)             Temple (0/1) D:6

Altars:
Gozag
Okawaru
Sif Muna
Xom
Yredelemnul
Zin
The Shining One


Innate Abilities, Weirdness & Mutations

You are too large for most types of armour.
You have claws for hands.
Your metabolism is lightning-fast.
You like to eat raw meat.
You heal very quickly.
You are covered in fur (AC +1).
You have very tough skin (AC +2).


Message History

* * * LOW HITPOINT WARNING * * *
The orc hits you with a hand axe.
* * * LOW HITPOINT WARNING * * *
The orc knight hits you with a war axe!
* * * LOW HITPOINT WARNING * * *
Read which item? (? for menu, Esc to quit)
Okay, then.
Unknown command.
Read which item? (? for menu, Esc to quit)
Okay, then.
Quiver which item? (- for none, * to show all) (? for menu, Esc to quit)
Quivering
d - 2 throwing nets for throwing.
Throwing (i - inventory. (,) - cycle):
d - 2 throwing nets (quivered)
Press: ? - help, Shift-Dir - straight line, f - orc knight
Aim: an orc knight, wielding a war axe and wearing a plate armour (severely wounded)
You throw a throwing net. The throwing net hits the orc knight.
The orc knight is caught in the net!
The orc knight is severely wounded.
The orc warrior hits you with a hand axe!
You die...

#..'.....+
####..#..⌠..#..####
#.....#.....#.....#
#.8...#.....#...8.#
#.....####### ....#
#.8.###########.8.#
#...()............#
#.8)))..........8.#
+........_.....o@o+
##)#...........#o##
#))#############go
#..#??..+ +..))#oo#
#..#!!..# #..))#g.#
#..######.######..#
#..'^....∩ +..#
#########. ####


You could see an orc knight (caught), 2 orc warriors, a gnoll, 3 orcs and a
goblin.

Vanquished Creatures
  An orc knight (Bailey)
  2 orc sorcerers (Bailey)
  A centaur zombie (D:6)
  Grinder (D:3)
  Eustachio (D:5)
  6 orc warriors
  2 phantoms
  4 ogres (D:4)
  A centaur (D:6)
  A big kobold (D:6)
  The ghost of Liam the Conjurer, an amateur DECj (D:4)
  A giant frog (D:6)
  A scorpion (D:6)
  A water moccasin zombie (D:6)
  2 howler monkeys (D:4)
  2 crimson imps (D:6)
  A centaur skeleton (D:5)
  A hound (D:4)
  7 orc priests
  2 orc wizards
  An iguana (D:5)
  5 worker ants
  The ghost of M4edhros the Grave Robber, a weakling OpNe (D:3)
  A hound skeleton (D:6)
  3 gnolls (Bailey)
  7 adders
  2 oozes
  2 giant geckos
  27 orcs
  9 bats
  7 giant cockroaches
  13 hobgoblins
  6 jackals
  2 quokkas
  2 ball pythons
  A giant gecko skeleton (D:4)
  4 giant newts
  18 goblins
  6 kobolds
  5 rats
161 creatures vanquished.

Notes
Turn   | Place    | Note
--------------------------------------------------------------
     0 | D:1      | Ijustatesigmund the Troll Hunter began the quest for the Orb.
     0 | D:1      | Reached XP level 1. HP: 19/19 MP: 0/0
   208 | D:1      | Reached XP level 2. HP: 27/28 MP: 1/1
   272 | D:1      | Reached skill level 1 in Unarmed Combat
  1044 | D:2      | Reached XP level 3. HP: 31/36 MP: 2/2
  1100 | D:2      | Found an opulent altar of Gozag.
  1377 | D:2      | Reached skill level 2 in Unarmed Combat
  1497 | D:2      | Found a deep blue altar of Sif Muna.
  1586 | D:2      | Found a glowing silver altar of Zin.
  1587 | D:2      | Noticed an angel
  1602 | D:2      | Found a glowing golden altar of the Shining One.
  1643 | D:3      | Noticed M4edhros's ghost (weakling OpNe)
  1659 | D:3      | Killed M4edhros's ghost
  1660 | D:3      | Found an iron altar of Okawaru.
  1661 | D:3      | Reached XP level 4. HP: 7/44 MP: 3/3
  1741 | D:3      | Became a worshipper of Warmaster Okawaru
  1796 | D:3      | Noticed Grinder
  1814 | D:3      | Killed Grinder
  1814 | D:3      | Reached skill level 4 in Unarmed Combat
  1814 | D:3      | Reached XP level 5. HP: 18/54 MP: 4/4
  1814 | D:3      | Reached XP level 6. HP: 20/62 MP: 5/5
  2112 | D:3      | Reached * piety under Okawaru
  2194 | D:3      | You fall through a shaft!
  2239 | D:4      | Reached skill level 5 in Unarmed Combat
  2592 | D:3      | Reached XP level 7. HP: 71/71 MP: 6/6
  2706 | D:4      | Reached skill level 5 in Fighting
  2952 | D:4      | Found a basalt altar of Yredelemnul.
  3103 | D:4      | Reached skill level 6 in Unarmed Combat
  3164 | D:4      | Reached ** piety under Okawaru
  3233 | D:4      | Noticed Liam's ghost (amateur DECj)
  3236 | D:4      | Killed Liam's ghost
  3236 | D:4      | Reached XP level 8. HP: 70/81 MP: 4/7
  3661 | D:5      | Entered Level 5 of the Dungeon
  3963 | D:5      | Reached skill level 7 in Unarmed Combat
  4049 | D:5      | Noticed Eustachio
  4059 | D:5      | Killed Eustachio
  4506 | D:6      | Found a staircase to the Ecumenical Temple.
  4653 | D:6      | Reached *** piety under Okawaru
  4653 | D:6      | Reached skill level 8 in Unarmed Combat
  4653 | D:6      | Reached XP level 9. HP: 29/93 MP: 8/8
  5081 | D:6      | Found a shimmering altar of Xom.
  5232 | D:7      | Found a flagged portal.
  5255 | Bailey   | Entered a bailey
  5289 | Bailey   | Reached skill level 9 in Unarmed Combat
  5354 | Bailey   | Found an iron altar of Okawaru.
  5354 | Bailey   | Noticed an orc sorcerer
  5354 | Bailey   | Noticed an orc sorcerer
  5356 | Bailey   | Noticed a smoke demon
  5360 | Bailey   | Killed an orc sorcerer
  5360 | Bailey   | Reached **** piety under Okawaru
  5362 | Bailey   | Killed an orc sorcerer
  5362 | Bailey   | Received a gift from Okawaru
  5450 | Bailey   | Noticed an orc knight
  5460 | Bailey   | Killed an orc knight
  5460 | Bailey   | Reached skill level 10 in Unarmed Combat
  5460 | Bailey   | Reached XP level 10. HP: 49/106 MP: 6/9
  5621 | Bailey   | Noticed an orc knight
  5640 | Bailey   | Slain by an orc warrior

Vault maps used:
D:1:      dpeg_arrival_houses_and_road, bh_walls_and_bars
D:2:      minmay_door_path, zin_angel, lemuel_crystal_altar,
          lemuel_blue_sif_altar, first_bread, nicolae_gozag_seed_capital
D:3:      minmay_item_behind_shaft, okawaru_ov_weapons_minmay, uniq_grinder
D:4:      lemuel_crystal_altar
D:5:      minmay_fountain_box, nicolae_underground_beach, uniq_eustachio
D:6:      tgw_xom, lemuel_temple_firewalk_marked
D:7:      enter_bailey_2, bloody_trog, uniq_pikel
Bailey:   bailey_axe_of_yendor_kennysheep, bailey

Skill      XL: |  1  2  3  4  5  6  7  8  9 |
---------------+----------------------------+-----
Fighting       | 2 3 4 5 7 8 |  8.9
Unarmed Combat | 1 2 4 5 6 8 10 | 10.3
Throwing       | |  3.6
Dodging        | |  1.5
Stealth        | |  0.4

Action                   |  1- 3 |  4- 6 |  7- 9 | 10-12 || total
-------------------------+-------+-------+-------+-------++-------
Melee: Unarmed           |   127 |    87 |   256 |    34 ||   504
       Punch             |       |       |     7 |     3 ||    10
Throw: Large rock        |       |     1 |     4 |       ||     5
       Throwing net      |       |       |       |     1 ||     1
Invok: Heroism           |       |       |     3 |     1 ||     4
  Use: Scroll            |     5 |     5 |     7 |       ||    17
       Potion            |     1 |     1 |     1 |     2 ||     5
 Stab: Sleeping          |     1 |     1 |       |       ||     2
  Eat: Chunk             |    21 |     8 |    28 |     1 ||    58
Armor: Robe              |    59 |    28 |    62 |     7 ||   156
Dodge: Dodged            |    71 |    41 |   113 |    20 ||   245
